Map: [ESL] Oceanborn

Players

Jieshi - Winner!

  • Race: Protoss Protoss
  • Spawn Location: 11:00

Cyan

  • Race: Protoss Protoss
  • Spawn Location: 5:00

Event: ESL SC2 Masters 2024 Spring (Regional)

VOD

Have the link to the VOD?

Description

Time

  • Played on: April 17, 2024, 7:15 a.m.
  • Length: 12:12

All games in this series

Show
View Real Time Build Order
Export as new Build Order

Jieshi Protoss - Winner!

Build Orders: Oracle Opening, Blink Stalkers 

Get SALT Encoding   

  12  0:00  Probe  
  13  0:12  Probe  
  14  0:17  Pylon  
  14  0:24  Probe (Chrono Boost)  
  16  0:36  Probe (Chrono Boost), Gateway  
  16  0:43  Probe (Chrono Boost)  
  16  0:47  Assimilator  
  17  0:51  Probe  
  17  0:54  Assimilator  
  18  1:03  Probe (Chrono Boost)  
  19  1:07  Gateway  
  19  1:13  Probe (Chrono Boost)  
  19  1:18  Probe (Chrono Boost)  
  20  1:23  Cybernetics Core  
  21  1:29  Probe  
  22  1:35  Pylon  
  22  1:41  Probe  
  23  1:53  Probe  
  24  2:00  Warp Gate, Stalker  
  26  2:04  Stalker  
  28  2:15  Pylon  
  28  2:20  Stargate  
  27  2:52  Probe, Nexus  
  27  2:56  Shield Battery  
  28  3:03  Oracle (Chrono Boost)  
  28  3:08  Probe  
  32  3:20  Probe  
  32  3:24  Twilight Council  
  33  3:32  Probe  
  34  3:36  Gateway  
  34  3:44  Probe  
  35  3:49  Gateway  
  35  3:56  Probe (Chrono Boost)  
  35  3:57  Blink (Chrono Boost)  
  36  4:06  Probe (Chrono Boost)  
  36  4:09  Probe (Chrono Boost)  
  38  4:16  Probe (Chrono Boost)  
  40  4:17  Probe (Chrono Boost)  
  40  4:21  Probe (Chrono Boost)  
  40  4:23  Probe  
  42  4:32  Probe  
  42  4:35  Nexus, Probe  
  44  4:38  Pylon  
  44  4:44  Probe  
  45  4:47  Probe  
  46  4:53  Stalker x2  
  46  4:55  Pylon  
  46  4:58  Probe  
  46  4:59  Probe  
  52  5:13  Robotics Facility, Probe x2  
  54  5:15  Forge  
  54  5:21  Stalker  
  54  5:23  Stalker, Shield Battery  
  54  5:27  Stalker  
  60  5:28  Probe  
  60  5:30  Probe  
  60  5:34  Protoss Ground Weapons Level 1 (Chrono Boost)  
  62  5:36  Stalker  
  62  5:38  Pylon  
  62  5:40  Probe  
  62  5:42  Probe  
  66  5:50  Photon Cannon  
  66  5:52  Stalker  
  66  5:55  Probe (Chrono Boost)  
  66  5:57  Probe (Chrono Boost)  
  70  5:58  Observer  
  70  6:00  Probe (Chrono Boost)  
  70  6:01  Stalker  
  70  6:04  Charge  
  74  6:10  Probe (Chrono Boost)  
  77  6:12  Probe x2 (Chrono Boost)  
  77  6:15  Probe (Chrono Boost)  
  77  6:17  Gateway  
  77  6:18  Gateway  
  78  6:24  Probe, Gateway  
  79  6:27  Probe, Gateway  
  79  6:28  Pylon  
  79  6:30  Warp Prism (Chrono Boost)  
  80  6:37  Stalker  
  84  6:41  Pylon  
  84  6:42  Stalker  
  84  6:47  Photon Cannon x2  
  86  6:49  Sentry  
  86  6:51  Stalker  
  90  6:54  Pylon  
  90  7:00  Stalker  
  92  7:05  Observer, Nexus  
  92  7:18  Observer, Stalker  
  92  7:20  Zealot x2  
  92  7:21  Zealot x3  
  101  7:30  Zealot, Stalker  
  101  7:32  Protoss Ground Weapons Level 2 (Chrono Boost)  
  105  7:42  Zealot x6  
  116  7:52  Pylon  
  116  7:53  Pylon  
  116  7:57  Pylon  
  114  8:02  Stalker x2  
  114  8:04  Zealot  
  114  8:05  Zealot x3  
  114  8:11  Zealot x2  
  114  8:14  Probe (Chrono Boost)  
  114  8:15  Probe x2 (Chrono Boost)  
  115  8:20  Probe (Chrono Boost)  
  115  8:23  Gateway  
  115  8:26  Gateway  
  110  8:27  Stalker x2  
  110  8:28  Zealot x3  
  110  8:29  Probe (Chrono Boost)  
  110  8:30  Stalker  
  110  8:33  Zealot  
  123  8:35  Zealot  
  119  8:50  Zealot x4  
  119  8:51  Zealot  
  119  8:54  Stalker x2  
  132  9:00  Observer (Chrono Boost)  
  106  9:12  Zealot x4, Stalker  
  106  9:15  Zealot  
  112  9:20  Observer (Chrono Boost)  
  98  9:28  Zealot x3  
  95  9:37  Stalker  
  95  9:38  Zealot x4  
  93  9:40  Probe x2  
  93  9:41  Probe  
  93  9:42  Probe  
  93  9:44  Zealot x2  
  105  9:47  Pylon  
  105  9:53  Observer  
  105  9:54  Probe  
  105  9:55  Stalker x2  
  105  9:56  Zealot  
  112  10:03  Zealot  
  112  10:04  Zealot x4  
  122  10:08  Photon Cannon, Shield Battery  
  122  10:09  Photon Cannon  
  122  10:11  Pylon  
  122  10:16  Zealot x2  
  122  10:17  Zealot  
  128  10:27  Zealot  
  128  10:28  Zealot  
  132  10:30  Zealot x2  
  132  10:31  Zealot x3  
  123  10:43  Observer (Chrono Boost)  
  110  10:54  Zealot x3, Stalker  
  110  10:55  Zealot x2  
  121  10:59  Probe  
  122  11:04  Stalker  
  122  11:05  Zealot  
  122  11:07  Zealot  
  122  11:10  Pylon  
  128  11:11  Probe  
  128  11:13  Nexus  
  128  11:14  Pylon  
  128  11:16  Observer  
  129  11:22  Zealot x3  
  131  11:27  Zealot x2  
  131  11:28  Zealot  
  121  11:34  Observer  
  121  11:37  Zealot x4  
  122  11:45  Zealot x3  
  116  11:48  Stalker  
  116  11:52  Zealot  
  114  11:58  Zealot  
  112  12:01  Stalker  
  112  12:07  Stalker  
  112  12:08  Zealot  
Show
View Real Time Build Order
Export as new Build Order

Cyan Protoss 

Build Orders: Blink Stalkers 

Get SALT Encoding   

  12  0:00  Probe  
  13  0:12  Probe  
  14  0:17  Pylon  
  14  0:24  Probe (Chrono Boost)  
  15  0:36  Probe (Chrono Boost)  
  15  0:37  Gateway  
  16  0:44  Probe (Chrono Boost)  
  16  0:45  Assimilator  
  17  0:51  Probe  
  17  0:54  Assimilator  
  18  1:03  Probe (Chrono Boost)  
  19  1:08  Gateway  
  19  1:12  Probe (Chrono Boost)  
  19  1:17  Probe (Chrono Boost)  
  21  1:25  Cybernetics Core  
  21  1:29  Probe  
  22  1:34  Pylon  
  22  1:41  Probe  
  23  1:53  Probe  
  24  2:02  Stalker  
  24  2:03  Warp Gate  
  24  2:05  Probe  
  24  2:08  Sentry  
  29  2:11  Pylon  
  29  2:15  Shield Battery  
  29  2:20  Probe  
  30  2:31  Sentry  
  32  2:37  Stalker  
  34  2:47  Nexus  
  34  2:56  Shield Battery  
  34  2:57  Probe  
  35  3:08  Twilight Council  
  35  3:10  Probe  
  36  3:15  Sentry  
  36  3:17  Pylon  
  38  3:26  Probe  
  39  3:36  Blink (Chrono Boost)  
  39  3:37  Shield Battery  
  39  3:38  Probe  
  40  3:50  Probe  
  40  3:51  Stalker  
  43  3:57  Stalker  
  43  4:02  Probe  
  46  4:06  Probe (Chrono Boost)  
  46  4:16  Stalker  
  49  4:18  Probe (Chrono Boost)  
  49  4:20  Probe (Chrono Boost)  
  49  4:22  Stalker  
  52  4:28  Probe x2 (Chrono Boost)  
  54  4:36  Gateway  
  54  4:37  Gateway  
  54  4:38  Probe  
  54  4:40  Probe  
  56  4:50  Probe  
  56  4:52  Pylon  
  57  4:53  Probe  
  57  4:54  Dark Shrine  
  57  4:56  Assimilator  
  58  5:03  Probe  
  59  5:12  Pylon  
  59  5:18  Nexus  
  59  5:21  Pylon  
  59  5:25  Probe  
  59  5:26  Robotics Facility, Probe  
  61  5:36  Forge  
  61  5:37  Probe  
  61  5:38  Probe  
  63  5:43  Shield Battery  
  63  5:49  Stalker, Probe  
  66  5:50  Probe  
  66  5:51  Stalker  
  69  5:57  Pylon  
  69  6:01  Probe (Chrono Boost)  
  69  6:02  Protoss Ground Weapons Level 1 (Chrono Boost), Probe (Chrono Boost)  
  73  6:11  Probe (Chrono Boost)  
  73  6:12  Pylon, Probe (Chrono Boost)  
  73  6:16  Probe (Chrono Boost)  
  73  6:17  Assimilator, Probe (Chrono Boost)  
  75  6:27  Gateway  
  75  6:28  Probe x2, Gateway  
  75  6:29  Observer  
  75  6:31  Probe  
  79  6:36  Photon Cannon  
  79  6:40  Probe  
  79  6:41  Probe  
  79  6:42  Stalker  
  79  6:43  Probe  
  79  6:45  Stalker  
  86  6:47  Stalker  
  86  6:50  Stalker  
  86  6:53  Observer  
  90  6:54  Probe x2  
  90  6:55  Probe  
  90  6:59  Charge  
  94  7:01  Pylon  
  94  7:06  Pylon, Probe  
  95  7:10  Stalker x2  
  99  7:20  Warp Prism  
  99  7:22  Shadow Stride  
  101  7:26  Stalker x3  
  107  7:36  Nexus  
  107  7:39  Pylon  
  107  7:42  Stalker x2  
  111  7:47  Protoss Ground Weapons Level 2 (Chrono Boost)  
  111  7:48  Probe x2  
  111  7:50  Probe  
  114  7:55  Pylon  
  106  8:06  Stalker x5  
  106  8:12  Stalker  
  108  8:15  Shield Battery  
  108  8:16  Shield Battery  
  108  8:20  Shield Battery  
  108  8:26  Probe x2  
  109  8:33  Probe  
  108  8:34  Stalker x2  
  108  8:37  Assimilator  
  108  8:39  Pylon  
  108  8:41  Dark Templar  
  108  8:43  Stalker x2  
  114  8:50  Probe  
  114  8:52  Probe  
  116  8:58  Gateway  
  116  9:00  Stalker x3  
  116  9:02  Gateway  
  118  9:07  Dark Templar x2  
  91  9:17  Zealot  
  89  9:26  Dark Templar  
  89  9:28  Stalker x2  
  88  9:33  Observer  
  88  9:39  Archon  
  88  9:40  Probe  
  88  9:42  Shield Battery  
  89  9:45  Photon Cannon  
  89  9:46  Pylon, Dark Templar  
  89  9:47  Pylon  
  89  9:50  Pylon  
  89  9:51  Archon  
  89  9:52  Zealot x3  
  91  9:53  Zealot x2  
  91  9:59  Nexus, Dark Templar  
  101  10:01  Dark Templar  
  101  10:06  Probe x3  
  106  10:12  Photon Cannon  
  106  10:16  Dark Templar  
  106  10:19  Dark Templar  
  109  10:23  Zealot x4  
  117  10:28  Gateway  
  117  10:29  Gateway  
  117  10:41  Stalker x2  
  115  10:47  Stalker x3  
  108  10:54  Stalker  
  108  10:55  Stalker x2  
  114  11:04  Pylon  
  114  11:05  Dark Templar  
  114  11:08  Zealot  
  118  11:17  Dark Templar  
  111  11:29  Stalker x3  
  103  11:36  Zealot x4  
  103  11:38  Zealot x2  
  91  11:51  Dark Templar  
  62  12:06  Stalker x3  
Tags
 
Add a new tag
Caveats
  • Supply blocks, unpowered buildings, or Contaminate may cause inaccurate times.
  • Supply counts are checked every 10 seconds.